 Dungeon Crawl Stone Soup version 0.29.1-2-gbd0b4ee654 (webtiles) character file.

Game seed: 12390624126741595752

45017 Lutefisk the Fighter (level 14, -11/88 HPs)
             Began as a Tengu Air Elementalist on Nov 26, 2022.
             Was a High Priest of Sif Muna.
             Mangled by an ogre
             ... wielding a +0 giant club
              (23 damage)
             ... while paralysed by an ogre mage
             ... on level 2 of the Orcish Mines.
             The game lasted 01:40:14 (10783 turns).

Lutefisk the Fighter (Tengu Air Elementalist)      Turns: 10783, Time: 01:40:14

Health: -11/88     AC: 12    Str:  7    XL:     14   Next: 31%
Magic:  3/38       EV:  2    Int: 20    God:    Sif Muna [*****.]
Gold:   1350       SH:  0    Dex: 18    Spells: 14/33 levels left

rFire   + + +      SeeInvis .   K - +12 flail of the Everdark {venom, rElec Str-2 Dex+3 Stlth+}
rCold   . . .      Faith    .   q - +0 buckler
rNeg    . . .      Spirit   .   z - +0 troll leather armour
rPois   +          Reflect  .   Q - +1 hat
rElec   +          Harm     .   k - +3 cloak of Raatinac {rF+++}
rCorr   .          Rampage  .   v - +0 pair of gloves
Will    +....                   (boots unavailable)
Stlth   +++.......              W - amulet of the acrobat
HPRegen 1.04/turn               M - ring of magical power
MPRegen 0.26/turn               Y - ring of poison resistance

@: paralysed, flying quickly and evasively, quick
A: beak, talons 3, nimble flight
a: Renounce Religion, Channel Magic, Forget Spell, Divine Exegesis


You were on level 2 of the Orcish Mines.
You worshipped Sif Muna.
Sif Muna was extremely pleased with you.
You visited 4 branches of the dungeon, and saw 19 of its levels.

You collected 1497 gold pieces.
You spent 147 gold pieces at shops.

Inventory:

Hand Weapons
 t - the +4 dagger "Nazxid" {vorpal, SInv}
   (You bought it in a shop on level 4 of the Dungeon)

   It inflicts extra damage upon your enemies.
   SInv:      It lets you see invisible.
 K - the +12 flail of the Everdark (weapon) {venom, rElec Str-2 Dex+3 Stlth+}
   (You found it on level 9 of the Dungeon)

   It poisons the flesh of those it strikes.
   Str:       It affects your strength (-2).
   Dex:       It affects your dexterity (+3).
   rElec:     It insulates you from electricity.
   Stlth:     It makes you more stealthy.
Missiles
 j - 9 curare-tipped darts (quivered)
 m - 42 poisoned darts
 A - a throwing net
Armour
 k - the +3 cloak of Raatinac (worn) {rF+++}
   (You found it on level 4 of the Lair of Beasts)

   rF:        It renders you almost immune to fire.
 q - a +0 buckler (worn)
 v - a +0 pair of gloves (worn)
 z - a +0 troll leather armour (worn)
 Q - a +1 hat (worn)
 U - +0 acid dragon scales
Magical Staves
 x - a staff of earth
Jewellery
 g - an amulet of faith
 D - a ring of resist corrosion
 F - a ring of protection from fire
 M - a ring of magical power (left hand)
 P - a ring of protection from cold
 T - the amulet of Juus {Spirit rN++ rCorr Str-5}
   (You found it on level 1 of the Lair of Beasts)

   [amulet of guardian spirit]

   It causes incoming damage to be divided between your reserves of health and
   magic.
   Str:       It affects your strength (-5).
   rN:        It greatly protects you from negative energy.
   rCorr:     It protects you from acid and corrosion.
 W - an amulet of the acrobat (around neck)
 Y - a ring of poison resistance (right hand)
Wands
 a - a wand of iceblast (4)
 d - a wand of polymorph (5)
 n - a wand of mindburst (1)
 C - a wand of flame (14)
 L - a wand of paralysis (3)
 S - a wand of digging (4)
Scrolls
 h - 4 scrolls of vulnerability
 i - 6 scrolls of enchant armour
 s - 4 scrolls of poison
 u - 10 scrolls of teleportation
 y - 5 scrolls of immolation
 B - a scroll of brand weapon {unknown}
 E - 2 scrolls of silence
 G - 2 scrolls of summoning
 H - 2 scrolls of enchant weapon {unknown}
 I - a scroll of fog {unknown}
 N - 3 scrolls of fear
 X - a scroll of amnesia {unknown}
 Z - a scroll of acquirement {unknown}
Potions
 b - 3 potions of magic
 c - 3 potions of haste
 e - 5 potions of invisibility
 f - a potion of lignification {unknown}
 l - 6 potions of might
 o - 3 potions of ambrosia
 p - a potion of mutation {unknown}
 r - 6 potions of curing
 w - a potion of cancellation {unknown}
 J - a potion of brilliance {unknown}
 O - 2 potions of resistance
 R - 3 potions of heal wounds
Miscellaneous
 V - a condenser vane


   Skills:
 * Level 10.4 Fighting
 - Level 1.0 Throwing
 - Level 10.0 Armour
 - Level 10.0 Dodging
 - Level 3.0 Stealth
 - Level 10.0 Shields
 - Level 10.0 Spellcasting
 - Level 4.0 Conjurations
 - Level 10.0 Air Magic
 - Level 6.0 Invocations
 - Level 6.0 Evocations


You had 14 spell levels left.
You knew the following spells:

 Your Spells              Type           Power      Damage    Failure   Level
a - Shock                 Conj/Air       100%       1d9       1%          1
b - Static Discharge      Conj/Air       38%        3-8/arc   1%          2
c - Swiftness             Air            50%        N/A       1%          3
d - Airstrike             Air            25%        2d(4-20)  1%          4
e - Passwall              Tmut/Erth      8%         N/A       17%         2
f - Summon Lightning Spi  Summ/Air       30%        N/A       14%         4
g - Mephitic Cloud        Conj/Pois/Air  28%        N/A       5%          3

Your spell library contained the following spells:

 Spells                   Type           Power      Damage    Failure   Level
 Sting                    Tmut/Pois      40%        1d5       12%         1
 Summon Small Mammal      Summ           40%        N/A       12%         1
 Ensorcelled Hibernation  Hex/Ice        20%        N/A       17%         2
 Sublimation of Blood     Necr           10%        N/A       17%         2
 Corpse Rot               Necr/Pois/Air  23%        N/A       30%         4
 Call Canine Familiar     Summ           10%        N/A       34%         3
 Ignite Poison            Fire/Tmut/Pois 10%        N/A       34%         3
 Inner Flame              Hex/Fire       10%        N/A       34%         3
 Portal Projectile        Hex/Tloc       20%        N/A       34%         3
 Summon Guardian Golem    Hex/Summ       10%        N/A       34%         3
 Tukima's Dance           Hex            10%        N/A       34%         3
 Freezing Cloud           Conj/Ice/Air   14%        6-21      43%         5
 Cause Fear               Hex            5%         N/A       75%         4
 Dispel Undead            Necr           10%        3d9       75%         4
 Ice Form                 Ice/Tmut       10%        N/A       75%         4
 Petrify                  Tmut/Erth      10%        N/A       75%         4
 Irradiate                Conj/Tmut      9%         3d14      80%         5
 Alistair's Intoxication  Tmut/Pois      6%         N/A       97%         5
 Blade Hands              Tmut           5%         N/A       97%         5
 Borgnjor's Vile Clutch   Necr/Erth      5%         N/A       97%         5
 Metabolic Englaciation   Hex/Ice        5%         N/A       97%         5
 Death Channel            Necr           5%         N/A       100%        6
 Eringya's Noxious Bog    Tmut/Pois      5%         N/A       100%        6
 Simulacrum               Ice/Necr       5%         N/A       100%        6
 Statue Form              Tmut/Erth      6%         N/A       100%        6
 Discord                  Hex            5%         N/A       100%        8
 Polar Vortex             Ice            5%         N/A       100%        9


Dungeon Overview and Level Annotations

Branches:
Dungeon (11/15)            Temple (1/1) D:6            Lair (5/5) D:9
  Swamp (0/4) Lair:3        Snake (0/4) Lair:2        Slime (0/5) Lair:5
    Orc (2/2) D:11            Elf (0/3) Orc:2

Altars:
Ashenzari
Gozag
Nemelex Xobeh
Okawaru
Sif Muna
Uskayaw
Yredelemnul
Jiyva

Shops:
D:4 (   Orc:1 =   Orc:2 [

Annotations:
D:11 Urug
Lair:2 Harold
Lair:4 exclusion: oklob plant


Innate Abilities, Weirdness & Mutations

You have a beak for a mouth.
You have claws for feet.
Your magical nature lets you fly swiftly and evasively.


Message History

Aim: an ogre mage, wielding a +0 flail and wearing a +0 robe (moderately wounded, confused, very poisoned, slow, 98% to hit)
The puff of flame hits the ogre mage.
The ogre mage is heavily wounded.
Unknown command.
Aiming: Throw Flame
Press: ? - help, Shift-Dir - straight line, f/p - ogre mage
Aim: an ogre mage, wielding a +0 flail and wearing a +0 robe (heavily wounded, confused, very poisoned, slow, 98% to hit)
The puff of flame hits the ogre mage but does no damage.
The ogre mage is heavily wounded.
Unknown command.
The ogre mage seems less confused.
The ogre mage mumbles some strange words.
The ogre mage flickers and vanishes!
Deactivating autopickup; reactivate with Ctrl-A.
Casting: Mephitic Cloud (dangerous; 5% risk of failure)
Confirm with . or Enter, or press ? or * to list all spells.
An electric hum fills the air.
Your lightning spire shoots out a bolt of lightning at the two-headed ogre!
The bolt of electricity hits the two-headed ogre!
Your lightning spire shoots out a bolt of lightning at the two-headed ogre!
The bolt of electricity hits the two-headed ogre!
Your lightning spire shoots out a bolt of lightning at the two-headed ogre!
The bolt of electricity hits the two-headed ogre!
Your lightning spire shoots out a bolt of lightning at the two-headed ogre!
The bolt of electricity hits the two-headed ogre!
The two-headed ogre dies!
Sif Muna accepts your kill.
You suddenly lose the ability to move!
The troll bites you. The troll claws you. x2
The troll bites you but does no damage. The troll barely misses you.
The troll claws you. The troll bites you!
The troll claws you but does no damage. x2
You hear some strange, mumbled words.
A bolt of magma appears from out of thin air!
The bolt of magma hits the orc!!
The orc dies!
The bolt of magma hits you! You partially resist.
* * * LOW HITPOINT WARNING * * *
The ogre hits you with a +0 giant club!!
You die...

#### .... ######..####
##.##.##.#..##
#@..8........#
##O#T){........###
#...................##
....#.........#.#....#
..................## ##
...................# ##.
...................###..
..............#.#....##.
.......................


You could see a troll, an ogre and a friendly lightning spire (summoned).

Vanquished Creatures
  5 hydras
  Erica (Lair:1)
  Erolcha (D:9)
  A boulder beetle (Lair:3)
  An ogre mage (Orc:2)
  4 two-headed ogres (Orc:2)
  A death yak (Lair:5)
  Sonja (D:10)
  2 deep trolls (Orc:2)
  Pikel (D:4)
  2 cyclopes
  2 oklob plants (Lair:5)
  A deep elf pyromancer (D:10)
  5 black mambas
  6 cane toads
  A gargoyle (D:11)
  A rime drake (Lair:3)
  8 komodo dragons
  Maggie (Lair:1)
  A kobold demonologist (D:9)
  4 trolls
  24 blink frogs
  A nameless horror (D:11)
  A hornet (D:10)
  2 polar bears
  2 vampires
  2 wraiths (D:11)
  2 wyverns (Lair:5)
  A steam dragon (Lair:5)
  3 basilisks
  34 yaks
  An acid dragon (D:11)
  A warg (Orc:1)
  26 water moccasins
  A sky beast (D:7)
  6 orc warriors
  2 black bears
  21 wolves (Lair:4)
  3 centaurs
  19 ogres
  A lemure (D:4)
  2 phantoms
  5 kobold brigands
  2 gnoll sergeants
  9 bullfrogs
  3 wights (D:9)
  4 killer bees (D:9)
  3 howler monkeys (D:9)
  An electric eel (Lair:1)
  2 gnoll boudas
  9 orc priests
  2 hounds
  6 jellies
  3 iguanas
  Natasha (thrice) (D:4)
  16 orc wizards
  4 hell rats (Lair:1)
  2 adders
  28 gnolls
  A shadow imp (D:4)
  A white imp (D:7)
  2 ufetubi
  2 worms
  2 dart slugs
  27 orcs
  4 endoplasms
  6 giant cockroaches
  4 goblins
  5 hobgoblins
  6 jackals
  4 quokkas
  5 ball pythons
  5 bats
  8 frilled lizards
  24 kobolds
  4 rats
417 creatures vanquished.

Vanquished Creatures (collateral kills)
  2 two-headed ogres (Orc:2)
  Lodul (D:11)
  An orc knight (Orc:1)
  3 trolls (Orc:2)
  A yak (D:11)
  A basilisk (D:11)
  A vampire (D:11)
  5 ogres
  An orc wizard (Orc:1)
  A gnoll (Orc:2)
17 creatures vanquished.

Vanquished Creatures (others)
  An orc (Orc:2)
  29 fungi
  50 plants
80 creatures vanquished.

Grand Total: 514 creatures vanquished

Notes
Turn   | Place    | Note
-------+----------+-------------------------------------------
     0 | D:1      | Lutefisk the Tengu Air Elementalist began the quest for the
                  | Orb.
     0 | D:1      | Reached XP level 1. HP: 10/10 MP: 4/4
    40 | D:1      | Reached skill level 1 in Fighting
   137 | D:1      | Reached XP level 2. HP: 13/16 MP: 6/6
   442 | D:2      | Found a faded altar of an unknown god.
   457 | D:2      | Reached XP level 3. HP: 22/22 MP: 7/7
   588 | D:2      | Reached XP level 4. HP: 27/28 MP: 2/8
   614 | D:2      | Reached skill level 5 in Air Magic
   876 | D:3      | Learned a level 2 spell: Static Discharge
   880 | D:3      | Learned a level 3 spell: Swiftness
   937 | D:3      | Gained mutation: Your magical nature lets you fly swiftly
                  | and evasively. [Tengu growth]
   937 | D:3      | Reached XP level 5. HP: 23/32 MP: 2/9
  1013 | D:3      | Found an iron altar of Okawaru.
  1013 | D:3      | Found a faded altar of an unknown god.
  1018 | D:3      | Found an opulent altar of Gozag.
  1020 | D:3      | Found a sparkling altar of Nemelex Xobeh.
  1021 | D:3      | Found a broken altar of Ashenzari.
  1058 | D:4      | Noticed Pikel
  1058 | D:4      | Noticed a lemure
  1134 | D:3      | Reached skill level 1 in Throwing
  1134 | D:3      | Reached skill level 1 in Armour
  1391 | D:4      | Noticed a lemure
  1391 | D:4      | Found Woinoi's Antique Weapon Emporium.
  1391 | D:4      | Noticed a lemure
  1391 | D:4      | Noticed a lemure
  1470 | D:3      | Learned a level 2 spell: Passwall
  1504 | D:3      | Reached XP level 6. HP: 37/37 MP: 4/10
  1689 | D:4      | Noticed Natasha
  1695 | D:4      | Killed Natasha
  1784 | D:5      | Entered Level 5 of the Dungeon
  1784 | D:5      | Noticed a water moccasin
  1852 | D:4      | Noticed Natasha
  1853 | D:4      | Bought a shimmering dagger for 147 gold pieces
  1853 | D:4      | Identified the +4 dagger "Nazxid" {vorpal, SInv} (You
                  | bought it in a shop on level 4 of the Dungeon)
  1857 | D:4      | Killed Natasha
  1979 | D:5      | Reached skill level 1 in Evocations
  2157 | D:5      | Reached XP level 7. HP: 25/43 MP: 3/11
  2490 | D:4      | Noticed Natasha
  2492 | D:4      | Killed Natasha
  2844 | D:4      | Killed Pikel
  2845 | D:4      | Reached XP level 8. HP: 39/48 MP: 6/15
  2911 | D:4      | Identified the +2 dagger of the Onslaught {drain, Fragile
                  | Will+ Int+2}
  3005 | D:5      | Reached skill level 5 in Fighting
  3240 | D:6      | HP: 2/49 [poisoned by a water moccasin]
  3541 | D:6      | Reached skill level 5 in Dodging
  3559 | D:6      | Found a basalt altar of Yredelemnul.
  3618 | D:6      | Reached XP level 9. HP: 54/54 MP: 10/16
  3623 | D:6      | Learned a level 4 spell: Airstrike
  3684 | D:6      | Found a staircase to the Ecumenical Temple.
  3693 | Temple   | Entered the Ecumenical Temple
  3703 | Temple   | Became a worshipper of Sif Muna the Loreminder
  3988 | D:7      | Reached skill level 10 in Air Magic
  4005 | D:7      | Reached * piety under Sif Muna
  4359 | D:7      | Reached skill level 5 in Spellcasting
  4542 | D:8      | Reached XP level 10. HP: 48/63 MP: 11/18
  4549 | D:8      | Reached skill level 1 in Shields
  4769 | D:8      | Reached ** piety under Sif Muna
  5188 | D:9      | Noticed a kobold demonologist
  5339 | D:9      | Identified the +12 flail of the Everdark {venom, rElec
                  | Str-2 Dex+3 Stlth+}
  5368 | D:9      | Found a staircase to the Lair.
  5438 | D:9      | Noticed Erolcha
  5561 | Lair:1   | Entered Level 1 of the Lair of Beasts
  5581 | Lair:1   | Noticed a seven-headed hydra
  5639 | Lair:1   | Noticed a black mamba
  5698 | Lair:1   | Noticed a cane toad
  5700 | Lair:1   | Reached *** piety under Sif Muna
  5713 | Lair:1   | Killed a cane toad
  5714 | Lair:1   | Reached XP level 11. HP: 43/71 MP: 0/19
  5775 | Lair:1   | Reached skill level 10 in Fighting
  5915 | Lair:1   | You are sucked into a shaft and drop 1 floor!
  6111 | Lair:2   | Noticed Harold
  6183 | Lair:2   | Found a staircase to the Snake Pit.
  6193 | Lair:2   | Reached skill level 10 in Dodging
  6384 | Lair:1   | Reached skill level 5 in Armour
  6387 | Lair:1   | Reached skill level 5 in Shields
  6429 | Lair:1   | Noticed Erica
  6441 | Lair:1   | Killed Erica
  6442 | Lair:1   | Reached skill level 1 in Invocations
  6645 | Lair:3   | Noticed an eight-headed hydra
  6709 | Lair:3   | Reached **** piety under Sif Muna
  6719 | Lair:3   | Reached XP level 12. HP: 50/77 MP: 8/20
  6956 | Lair:3   | Killed an eight-headed hydra
  6957 | Lair:3   | Reached skill level 5 in Invocations
  7018 | Lair:3   | Noticed a boulder beetle
  7026 | Lair:3   | Killed a boulder beetle
  7027 | Lair:3   | Reached skill level 5 in Evocations
  7080 | Lair:3   | Found a staircase to the Swamp.
  7280 | Lair:4   | Noticed a four-headed hydra
  7369 | Lair:4   | Noticed a seven-headed hydra
  7567 | Lair:4   | Noticed an eight-headed hydra
  7682 | Lair:4   | Killed a seven-headed hydra
  7711 | Lair:4   | Killed a four-headed hydra
  7831 | Lair:4   | Identified the +3 cloak of Raatinac {rF+++}
  7865 | Lair:4   | Noticed a death yak
  7868 | Lair:4   | Noticed a death yak
  7959 | Lair:4   | Killed an eight-headed hydra
  7969 | Lair:5   | Entered Level 5 of the Lair of Beasts
  8031 | Lair:5   | Noticed a seven-headed hydra
  8065 | Lair:5   | Killed a seven-headed hydra
  8088 | Lair:5   | Noticed a death yak
  8110 | Lair:5   | Noticed a death yak
  8122 | Lair:5   | Killed a death yak
  8123 | Lair:5   | Reached XP level 13. HP: 22/82 MP: 5/24
  8491 | Lair:5   | Found a staircase to the Slime Pits.
  8534 | Lair:5   | Found a viscous altar of Jiyva.
  8630 | Lair:5   | HP: 1/82 [death yak (5)]
  8894 | Lair:1   | Noticed Maggie
  8900 | Lair:1   | Killed Maggie
  8905 | Lair:1   | Identified the amulet of Juus {Spirit rN++ rCorr Str-5}
  9130 | D:9      | Reached ***** piety under Sif Muna
  9150 | D:9      | Killed Erolcha
  9205 | D:10     | Entered Level 10 of the Dungeon
  9306 | D:10     | Found a hide-covered altar of Uskayaw.
  9336 | D:10     | Paralysed by a hornet for 3 turns
  9369 | D:10     | Noticed Sonja
  9376 | D:10     | Killed Sonja
  9415 | D:10     | Received a gift from Sif Muna
  9416 | D:10     | Reached skill level 10 in Spellcasting
  9418 | D:10     | Got Sif Muna's Papyrus of Windy Permutations {god gift}
  9423 | D:10     | Learned a level 3 spell: Mephitic Cloud
  9428 | D:10     | Learned a level 4 spell: Summon Lightning Spire
  9782 | D:11     | Noticed Lodul
  9795 | D:11     | Found a staircase to the Orcish Mines.
  9983 | D:11     | Noticed Urug
 10247 | D:11     | Killed Lodul
 10306 | Orc:1    | Entered Level 1 of the Orcish Mines
 10306 | Orc:1    | Found Vemniurph's Jewellery Shoppe.
 10409 | Orc:1    | Found a shimmering blue altar of Sif Muna.
 10430 | Orc:1    | Got Sif Muna's Folio of Permutations
 10622 | Orc:2    | Entered Level 2 of the Orcish Mines
 10644 | Orc:2    | Found a staircase to the Elven Halls.
 10673 | Orc:2    | Found Yfonom's Antique Armour Boutique.
 10695 | Orc:2    | Reached skill level 10 in Armour
 10695 | Orc:2    | Reached XP level 14. HP: 76/88 MP: 8/29
 10719 | Orc:2    | Received a gift from Sif Muna
 10739 | Orc:2    | Reached skill level 10 in Shields
 10778 | Orc:2    | Paralysed by something for 5 turns
 10783 | Orc:2    | Mangled by an ogre

Illustrated notes

Levels and vault maps discovered:
D:1:      spicycebolla_arrival_xxxplode, layout_loops_cross
D:2:      layout_loops_ring, serial_forest, infiniplex_forest_clump_curved,
          infiniplex_forest_clump_small, infiniplex_forest_clump_large,
          infiniplex_forest_clump_cross, infiniplex_forest_lined_1,
          infiniplex_forest_end_1, infiniplex_forest_lined_2,
          basic_ecumenical_altar, item_on_display_a
D:3:      layout_loops_ring, chequers_temple_overflow_minitemple
D:4:      layout_loops_ring, serial_shops, nicolae_shop_stone, uniq_pikel,
          uniq_natasha
D:5:      layout_basic, kennysheep_another_room, uniq_prince_ribbit1
D:6:      layout_basic, lemuel_coloured_pillars_altar, temple_fountains,
          st_stairs_3, minmay_lizard_king
D:7:      layout_basic
D:8:      layout_loops_cross
D:9:      layout_roguey, lair_entry_dummy, uniq_erolcha
D:10:     layout_roguey, eat_drink_and_be_merry_uskayaw, minmay_librarian,
          uniq_sonja
D:11:     kennysheep_blocky_hall, layout_rooms, uniq_urug, uniq_lodul
Temple:   nicolae_temple_slightly_damp_pantheon
Lair:1:   layout_hall_layers, serial_bayou_ford_a, grunt_megastairs_3,
          uniq_maggie, uniq_erica
Lair:2:   layout_loops_ring, minmay_snake_entry_six_corridors,
          serial_bayou_crossing, uniq_harold
Lair:3:   layout_cave_pods, minmay_swamp_entry_worms, nzn_sisyphean_effort,
          grunt_megastairs_5
Lair:4:   layout_regular_city, grunt_forest_large_clearings, grunt_megastairs_4
Lair:5:   cheibrodos_lair_end_hotspot, layout_regular_city,
          minmay_slime_entry_oklob_open
Orc:1:    layout_caves, serial_shops, nicolae_shop_waterfront, led_sif_book
Orc:2:    st_orc_open, layout_caves, serial_shops,
          nicolae_shop_overgrown_old_shop, nicolae_orc_sculptors_studio,
          lemuel_statue_altar

Skill      XL: |  1  2  3  4  5  6  7  8  9 10 11 12 13 14 |
---------------+-------------------------------------------+-----
Fighting       | 1 2 3 4 5 7 9 10 | 10.4
Conjurations   | 2 3 4 |  4.0
Air Magic      | 5 6 8 10 | 10.0
Throwing       | 1 |  1.0
Armour         | 1 4 5 7 10 | 10.0
Dodging        | 3 4 5 8 10 | 10.0
Evocations     | 1 3 6 |  6.0
Spellcasting   | 4 5 7 10 | 10.0
Stealth        | 3 |  3.0
Shields        | 4 6 7 8 10 | 10.0
Invocations    | 4 6 |  6.0

Action                   |  1- 3 |  4- 6 |  7- 9 | 10-12 | 13-15 || total
-------------------------+-------+-------+-------+-------+-------++-------
Melee: Short sword       |    34 |    37 |    18 |    17 |       ||   106
       Kick              |     5 |    11 |    13 |    28 |    40 ||    97
       Peck              |     3 |     8 |     5 |    21 |    17 ||    54
       War axe           |       |    18 |    27 |       |       ||    45
       Flail             |       |       |       |    77 |    87 ||   164
Throw: Dart              |       |     3 |    12 |    36 |    11 ||    62
 Cast: Shock             |    30 |    50 |    75 |    89 |    22 ||   266
       Static Discharge  |       |    17 |    44 |   113 |   111 ||   285
       Passwall          |       |     2 |     4 |       |     1 ||     7
       Swiftness         |       |       |     1 |     1 |     1 ||     3
       Airstrike         |       |       |     4 |    65 |    58 ||   127
       Summon Lightning  |       |       |       |       |    15 ||    15
       Mephitic Cloud    |       |       |       |       |    12 ||    12
Invok: Channel Magic     |       |       |       |     2 |     3 ||     5
Evoke: Wand              |       |       |     1 |    19 |     3 ||    23
  Use: Scroll            |       |     5 |     1 |     8 |     8 ||    22
       Potion            |       |       |       |     4 |       ||     4
 Stab: Sleeping          |     1 |     4 |     3 |     1 |     1 ||    10
       Paralysed         |       |       |     1 |     6 |       ||     7
       Distracted        |       |       |       |       |     1 ||     1
Armor: Robe              |     8 |     8 |     8 |    12 |    12 ||    48
       Acid dragon scale |       |       |       |       |    21 ||    21
       Troll leather arm |       |       |       |       |     6 ||     6
Dodge: Dodged            |    29 |    49 |    96 |   170 |   188 ||   532
Block: Buckler           |       |       |       |    34 |    61 ||    95
